 Dungeon Crawl Stone Soup version 0.18-a0-1747-g18c4181 (webtiles) character file.

602048 Ijustatesigmund the Shatterer (level 27, -6/300 HPs)
             Began as an Ogre Hunter on Apr 10, 2016.
             Was the Champion of Okawaru.
             Killed by divine providence
             ... invoked by a greater mummy
              (12 damage)
             ... on level 9 of a ziggurat on Apr 12, 2016.
             The game lasted 04:55:33 (75183 turns).

Ijustatesigmund the Shatterer (Ogre Hunter)        Turns: 75183, Time: 04:55:35

Health: -6/300     AC: 28    Str: 23 (29) XL:     27
Magic:  37/37      EV: 34    Int: 13      God:    Okawaru [******]
Gold:   4785       SH: 23    Dex: 23      Spells: 10 memorised, 24 levels left

rFire  . . .     SeeInvis +     c - +6 eveningstar (flame)
rCold  + . .     Gourm    .     W - quicksilver dragon armour of Okawaru {rElec MR+ Dex+2}
rNeg   . . .     Faith    +     H - +0 large shield of Inviolability {rPois rCorr Slay+3}
rPois  +         Spirit   .     X - +2 hat of the Dice {Str+4}
rElec  +         Dismiss  .     w - +2 cloak {MR+}
rCorr  +         Reflect  .     (gloves unavailable)
SustAt .         Harm     .     (boots unavailable)
MR     ++++.                    A - amulet of Qegas {Faith +Fly rC+ Int+3 SInv}
Stlth  ++++......               B - +6 ring of evasion
                                V - +4 ring of protection

@: exhausted, heroism, very slightly contaminated, slowed, studying Armour,
repel missiles, very slow, incredibly resistant to hostile enchantments,
stealthy
A: unfitting armour, antennae 1, talons 1, agile 1, poison resistance, tough
skin 1, wild magic 1
a: Heroism, Finesse, Renounce Religion, Evoke Flight
}: 3/15 runes: barnacled, silver, gossamer


You were on level 9 of a ziggurat.
You worshipped Okawaru.
Okawaru was exalted by your worship.
You were very hungry.

You visited 11 branches of the dungeon, and saw 50 of its levels.
You visited 1 ziggurat, and saw 9 of its levels.
You also visited: Ice Cave.

You collected 7266 gold pieces.
You spent 2481 gold pieces at shops.

Inventory:

Hand Weapons
 c - a +6 eveningstar of flaming (weapon)
 v - a +9 flail of protection
 S - the +10 dark maul {crush}
   (Okawaru gifted it to you on level 2 of the Depths)

   It inflicts extra damage upon your enemies.
 Y - the +6 mace of Focus {elec, rF+++}
   (You found it on level 5 of the Vaults)

   Occasionally, upon striking a foe, it will discharge some electrical energy
   and cause terrible harm.
   It renders you almost immune to fire.
Missiles
 d - 7 throwing nets
 y - 94 large rocks (quivered)
 K - 12 silver javelins
Armour
 w - a +2 cloak of magic resistance (worn)
 H - the +0 large shield of Inviolability (worn) {rPois rCorr Slay+3}
   (Okawaru gifted it to you on level 14 of the Dungeon)

   It affects your accuracy and damage with ranged weapons and melee attacks
   (+3).
   It protects you from poison.
   It protects you from acid and corrosion.
 W - the quicksilver dragon armour of Okawaru (worn) {rElec MR+ Dex+2}
   (Okawaru gifted it to you on level 1 of the Depths)

   It affects your dexterity (+2).
   It insulates you from electricity.
   It affects your resistance to hostile enchantments.
 X - the +2 hat of the Dice (worn) {Str+4}
   (Okawaru gifted it to you on level 11 of the Dungeon)

   It affects your strength (+4).
Jewellery
 k - the amulet of Dinokhil {Dismiss rC++ rN+ Int-2 Stlth+}
   (You took it off a fire giant on level 5 of the Vaults)

   [amulet of dismissal]

   It may teleport away creatures that harm you.
   It affects your intelligence (-2).
   It greatly protects you from cold.
   It protects you from negative energy.
   It makes you more stealthy.
 r - the amulet of Henotheism {Gourm rPois Dex+3, unknown}
   (You found it on level 5 of a ziggurat)

   [amulet of the gourmand]

   It allows you to eat raw meat even when not hungry.
   It affects your dexterity (+3).
   It protects you from poison.
 A - the amulet of Qegas (around neck) {Faith +Fly rC+ Int+3 SInv}
   (You found it in an ice cave)

   [amulet of faith]

   It allows you to gain divine favour quickly.
   It affects your intelligence (+3).
   It protects you from cold.
   It lets you see invisible.
   It lets you fly.
 B - a +6 ring of evasion (right hand)
 V - a +4 ring of protection (left hand)
Wands
 a - a wand of digging (13/24)
 g - a wand of hasting (5/9)
 D - a wand of lightning (6/15)
 G - a wand of enslavement (21/24)
 J - a wand of teleportation (6/9)
 M - a wand of iceblast (7/15)
 Q - a wand of teleportation (4/9)
Scrolls
 e - 7 scrolls of recharging
 p - 7 scrolls of teleportation
 x - 12 scrolls of remove curse
 I - a scroll of holy word
 N - 4 scrolls of silence
 O - 3 scrolls of fear
 P - 5 scrolls of fog
Potions
 b - 4 potions of haste
 i - a potion of agility
 l - 8 potions of brilliance
 m - a potion of heal wounds
 o - 3 potions of invisibility
 q - 7 potions of cure mutation
 s - 8 potions of cancellation
 t - 2 potions of berserk rage
 u - a potion of ambrosia
 z - 16 potions of curing
 E - 3 potions of resistance
 F - 3 potions of might
 L - 4 potions of magic
 Z - 2 potions of flight
Books
 n - a manual of
Armour
 T - a book of Changes

   Spells                             Type                      Level
   a - Beastly Appendage              Transmutation                1
   b - Sticks to Snakes               Transmutation                2
   c - Spider Form                    Transmutation/Poison         3
   d - Ice Form                       Ice/Transmutation            4
   e - Blade Hands                    Transmutation                5
Miscellaneous
 C - a phantom mirror
 R - a legendary deck of summoning {Repulsiveness}
Comestibles
 f - 24 bread rations
 j - 25 meat rations


   Skills:
 - Level 22.0(27) Fighting
 - Level 23.7(27) Maces & Flails
 - Level 17.6(22.6) Throwing
 + Level 15.0(20.0) Armour
 - Level 16.0(21.0) Dodging
 - Level 8.0(13.0) Stealth
 - Level 13.1(18.1) Shields
 - Level 10.8 Spellcasting
 - Level 7.0 Charms
 - Level 9.0 Summonings
 - Level 7.0 Necromancy
 - Level 9.0 Translocations
 - Level 5.1 Air Magic
 - Level 12.5 Invocations
 - Level 3.1 Evocations


You had 24 spell levels left.
You knew the following spells:

 Your Spells              Type           Power        Failure   Level  Hunger
a - Summon Butterflies    Summ           #####...     1%          1    None
b - Apportation           Tloc           #####.....   1%          1    None
c - Repel Missiles        Chrm/Air       ####..       3%          2    None
d - Blink                 Tloc           N/A          1%          2    None
e - Passage of Golubria   Tloc           N/A          6%          4    ###....
f - Mephitic Cloud        Conj/Pois/Air  ##......     32%         3    #......
g - Swiftness             Chrm/Air       ####....     3%          2    None
h - Regeneration          Chrm/Necr      ####......   4%          3    #......
i - Vampiric Draining     Necr           ####......   4%          3    #......
j - Passwall              Trmt/Erth      #.........   28%         2    None


Dungeon Overview and Level Annotations

Branches:
Dungeon (15/15)            Temple (1/1) D:6            Lair (8/8) D:11
 Shoals (4/4) Lair:5       Spider (4/4) Lair:3        Slime (0/6) Lair:7
    Orc (2/2) D:10            Elf (3/3) Orc:2        Vaults (5/5) D:14
  Crypt (3/3) Vaults:2       Tomb (0/3) Crypt:3      Depths (4/5) D:15
   Hell (1/1)                 Dis (0/7) Hell            Geh (0/7) Hell
    Coc (0/7) Hell            Tar (0/7) Hell

Altars:
Ashenzari
Cheibriados
Dithmenos
Elyvilon
Fedhas
Gozag
Kikubaaqudgha
Makhleb
Nemelex Xobeh
Okawaru
Pakellas
Qazlal
Ru
Sif Muna
Trog
Vehumet
Xom
Yredelemnul
Zin
The Shining One
Jiyva

Shops:
D:9 ([?[}   D:10 %   Orc:2 (:[*   Elf:1 %(!   Elf:2 *   Vaults:1 }
Vaults:2 :%   Vaults:4 }   Vaults:5 (

Portals:
Hell: Depths:1 Depths:2 Depths:3 Depths:4
Abyss: Depths:1 Depths:4
Pandemonium: Depths:1 Depths:2 Depths:3

Annotations:
Lair:8 exclusion: oklob plant
Vaults:3 exclusion: obsidian statue
Depths:1 exclusion: 2 ice statues
Depths:3 exclusion: 2 obsidian statues


Innate Abilities, Weirdness & Mutations

You are too large for most types of armour.
You have tough skin (AC +1).
You have a pair of small antennae on your head.
You have sharp toenails.
You are agile. (Dex +2)
Your system is resistant to poisons.
Your spells are a little harder to cast, but a little more powerful.


Message History

You feel yourself slow down.
You are feeling very hungry.
The greater mummy gestures wildly while chanting.
The mummy priest utters an invocation to its god.
Read which item? (? for menu, Esc to quit)
Blink to where?
Press: ? - help, Dir - move target cursor
As you read the scroll of blinking, it crumbles to dust.
The greater mummy gestures wildly while chanting.
The mummy priest calls on the powers of darkness!
Your body is wracked with pain!
* * * LOW HITPOINT WARNING * * *
The emperor scorpion convulses! x7
The mummy priest calls on the powers of darkness!
The emperor scorpion convulses! x2; Your body is wracked with pain!
* * * LOW HITPOINT WARNING * * *
The emperor scorpion convulses! x5
The greater mummy casts a spell at you. Something smites you!
You die...

▓▓▓▓▓▓▓▓▓▓▓
▓▓....3....▓▓
▓▓....((s....▓▓
▓▓.....zZM.MM.)▓▓
▓▓.....8s8s8Mss?)▓▓
▓▓.....§.MMWMM@M??∩▓
▓.∩.....8.8.8Mss$(>!▓
▓▓........Z.MMMM?!∩▓▓
▓▓.....8.8M8zM.[?▓▓
▓▓.........4..}▓▓
▓▓...........▓▓
▓▓.........▓▓
▓▓▓▓▓▓▓▓▓▓▓


You could see 3 greater mummies, 7 emperor scorpions, 3 mummy priests, a smoke
demon, a hungry ghost, a red devil, 2 flying skulls, 10 mummies, a golden dragon
zombie and a frost giant skeleton.

Vanquished Creatures
  Mara (Vaults:3)
  Mennas (Depths:4)
  2 ancient liches
  Sojobo (Vaults:3)
  A greater mummy (Zig:9)
  Frederick (Vaults:2)
  Saint Roka (Orc:2)
  Norris (Vaults:3)
  Margery (Vaults:2)
  3 golden dragons
  Geryon (Hell)
  Nikola (Spider:3)
  A bone dragon (Crypt:3)
  Arachne (Spider:3)
  Jorgrun (Vaults:4)
  An Ice Fiend (D:15)
  4 liches
  2 tentacled monstrosities (Vaults:5)
  Rupert (D:14)
  Asterion (Depths:3)
  5 deep elf blademasters
  The ghost of bl4d3 the Brawler, an adept TrMo of Cheibriados (Elf:3)
  2 deep elf master archers (Elf:3)
  4 titans
  A quicksilver dragon (Depths:4)
  A pandemonium lord (Zig:1)
  3 sphinxes
  2 thorn hunters (Depths:4)
  5 ancient champions
  An eldritch tentacle (Depths:2)
  7 tengu reavers
  7 shadow dragons
  2 azure jellies (Depths:2)
  3 storm dragons
  An azure jelly (shapeshifter) (Depths:3)
  4 revenants
  Ilsuiw (Shoals:4)
  Wiglaf (Spider:4)
  8 fire giants
  2 orc warlords
  2 draconian monks (Zig:6)
  23 vault wardens
  4 ghost moths (Spider:4)
  Donald (Spider:3)
  Aizul (Spider:4)
  Louise (Depths:4)
  12 deep elf sorcerers
  4 iron dragons
  An emperor scorpion (Spider:4)
  8 frost giants
  5 deep elf elementalists (Elf:3)
  5 ghouls
  A balrug (Hell)
  A curse skull (Crypt:3)
  A caustic shrike zombie (Depths:1)
  7 very ugly things
  16 ironheart preservers
  A draconian annihilator (Zig:6)
  4 war gargoyles
  4 reapers
  14 stone giants
  8 deep elf demonologists
  2 green draconians (Zig:6)
  4 vampire knights
  7 salamander stormcallers
  11 deep elf annihilators
  A yellow draconian (Zig:6)
  5 eidola
  7 spark wasps
  5 dire elephants (Lair:8)
  2 merfolk javelineers (Shoals:4)
  6 blizzard demons
  An ettin (shapeshifter) (Depths:3)
  13 crystal guardians (Depths:3)
  8 jiangshi
  12 ettins
  10 deep elf death magi
  Snorg (D:14)
  A mummy priest (Crypt:3)
  11 fire dragons
  8 deep elf high priests
  11 merfolk impalers
  34 vault guards
  8 great orbs of eyes
  A kraken zombie (Hell)
  9 rakshasas
  Fannar (Lair:3)
  5 ice dragons
  A great orb of eyes (shapeshifter) (Depths:3)
  17 yaktaur captains
  An entropy weaver (shapeshifter) (Vaults:5)
  14 hydras
  8 entropy weavers
  Harold (Lair:4)
  10 death knights
  A spriggan air mage (Depths:4)
  3 merfolk avatars
  17 ogre magi
  3 merfolk aquamancers (Shoals:4)
  A queen ant (Spider:2)
  2 alligator snapping turtles (Shoals:4)
  6 satyrs
  50 dancing weapons
  11 centaur warriors
  5 deep troll earth magi
  An anaconda (Lair:8)
  2 spriggan berserkers
  6 tengu warriors
  5 hell hogs (Hell)
  8 deep troll shamans
  A small abomination (Vaults:5)
  3 orc high priests (Orc:2)
  10 vampire magi
  A titan zombie (Zig:2)
  5 hell knights (Vaults:2)
  3 sun demons
  7 soul eaters
  22 deep elf knights
  An iron golem (Hell)
  A fire crab (shapeshifter) (Depths:3)
  A hellephant skeleton (Crypt:3)
  3 fire crabs
  An anaconda zombie (Hell)
  10 shadow wraiths
  A giant orange brain (shapeshifter) (Depths:3)
  5 iron trolls
  34 skeletal warriors
  A golden dragon zombie (Depths:1)
  4 unseen horrors
  A death drake (shapeshifter) (Vaults:1)
  7 flayed ghosts
  A death scarab (Zig:9)
  18 sea snakes
  3 wizards
  31 deep trolls
  Pikel (D:4)
  13 hill giants
  11 deep elf archers
  5 giant orange brains
  21 ironbrand convokers
  A lindwurm (Depths:2)
  A swamp dragon (shapeshifter) (Depths:3)
  18 orc knights
  An obsidian statue (Depths:3)
  4 phantasmal warriors
  2 harpies (shapeshifter)
  11 necromancers
  8 orc sorcerers
  23 orb spiders
  11 griffons
  2 oklob plants (Zig:8)
  37 ugly things
  2 iron dragon zombies
  A griffon (shapeshifter) (Depths:3)
  3 salamanders (Vaults:3)
  13 fauns
  2 stone giant zombies (Depths:1)
  6 harpies
  2 worldbinders (Depths:2)
  3 fire giant zombies
  A cyclops (shapeshifter) (Depths:4)
  11 hornets
  A glowing shapeshifter (Depths:3)
  52 deep elf magi
  2 hornets (shapeshifter)
  32 wolf spiders
  13 manticores
  8 cyclopes
  A manticore (shapeshifter) (Depths:4)
  A shadow dragon skeleton (Depths:1)
  5 water nymphs
  8 sirens
  5 rust devils
  2 smoke demons (Hell)
  A black mamba (shapeshifter) (Vaults:1)
  29 elephants
  8 molten gargoyles
  A stone giant skeleton (Crypt:2)
  6 ice statues
  2 torpor snails
  10 black mambas
  A shock serpent skeleton (Crypt:1)
  3 naga magi (Depths:2)
  A hellion (Hell)
  Psyche (D:9)
  An alligator snapping turtle zombie (Crypt:1)
  15 spiny frogs
  A yellow draconian zombie (Crypt:2)
  The ghost of Voda the Poker, a novice OpFi (D:4)
  15 vault sentinels
  5 gargoyles
  2 spiny frogs (shapeshifter)
  3 kobold demonologists (D:15)
  9 komodo dragons
  A yaktaur (shapeshifter) (Depths:3)
  2 yaktaur zombies
  8 demonic crawlers
  A rime drake (Lair:8)
  11 guardian mummies
  79 yaktaurs
  17 freezing wraiths
  3 anaconda simulacra
  10 red devils
  5 tengu conjurers (Depths:1)
  A catoblepas skeleton (Crypt:2)
  4 trolls
  30 jumping spiders
  3 ice devils
  A wind drake (shapeshifter) (Depths:3)
  30 merfolk
  A golden dragon simulacrum (Crypt:2)
  7 wind drakes
  A queen bee (shapeshifter) (Zig:5)
  An entropy weaver zombie (Depths:1)
  A polar bear (Lair:7)
  Prince Ribbit (Lair:3)
  A jumping spider (shapeshifter) (Vaults:5)
  23 blink frogs
  4 boulder beetles
  A raiju (shapeshifter) (Depths:3)
  4 raiju
  3 deep troll zombies (Depths:1)
  A guardian serpent zombie (Crypt:1)
  A hornet zombie (D:15)
  A fire dragon zombie (Crypt:1)
  17 two-headed ogres
  2 elf zombies
  An iron dragon simulacrum (Crypt:2)
  A griffon zombie (Crypt:2)
  30 slime creatures
  2 hydra skeletons (Hell)
  A bog body (Crypt:1)
  A stone giant simulacrum (Crypt:2)
  3 alligator zombies (Hell)
  3 spriggan zombies
  A frost giant simulacrum (Crypt:1)
  3 flying skulls (Crypt:3)
  A fire dragon skeleton (Crypt:2)
  16 air elementals
  82 redbacks
  3 shadows
  9 snapping turtles
  2 vampires
  62 yaks
  A spriggan (shapeshifter) (Depths:1)
  9 spriggans
  7 wyverns
  Eustachio (D:4)
  Sigmund (D:6)
  2 deep troll skeletons (Depths:1)
  12 water elementals
  23 fire elementals
  27 tarantellas
  10 hippogriffs
  2 large abominations
  A steam dragon (D:12)
  2 hill giant zombies (D:10)
  A human (shapeshifter) (Vaults:5)
  4 hungry ghosts
  9 wraiths
  6 basilisks
  A hippogriff (shapeshifter) (Vaults:5)
  Edmund (D:4)
  A warg (shapeshifter) (Vaults:1)
  24 vampire mosquitoes
  2 spatial vortices (Depths:2)
  Menkaure (D:7)
  6 wargs
  A mottled dragon (shapeshifter) (Depths:4)
  14 soldier ants
  A swamp worm (shapeshifter) (Depths:3)
  5 insubstantial wisps
  A spiny frog zombie (Hell)
  A hydra simulacrum (Depths:2)
  2 nagas (shapeshifter)
  Duvessa (D:7)
  A torturous demonspawn skeleton (Crypt:2)
  13 porcupines
  6 hell hounds
  15 water moccasins
  A ghost crab zombie (Crypt:1)
  A slave (D:4)
  A spiny frog skeleton (Hell)
  21 ice beasts
  12 sky beasts
  2 black bears
  2 eyes of draining
  A fire dragon simulacrum (Depths:2)
  6 phantoms
  A lindwurm zombie (Crypt:1)
  4 necrophages
  A monstrous demonspawn skeleton (Crypt:2)
  62 ogres
  53 orc warriors
  7 wasps
  2 boggarts (Depths:2)
  A tengu (shapeshifter) (Vaults:5)
  An ettin simulacrum (Vaults:3)
  27 wolves
  3 black mamba simulacra (Depths:2)
  An elephant zombie (Crypt:3)
  29 centaurs
  22 crocodiles
  13 big kobolds
  A gnoll sergeant (D:6)
  2 wyvern zombies
  14 earth elementals
  22 giant frogs
  A glowing shapeshifter simulacrum (Vaults:2)
  A hell hound skeleton (Crypt:1)
  A wyvern skeleton (Crypt:3)
  5 scorpions
  A water moccasin zombie (D:9)
  2 boulder beetle zombies (Crypt:1)
  Dowan (D:7)
  A polar bear zombie (Crypt:3)
  2 human simulacra
  21 killer bees
  2 troll zombies (D:10)
  16 wights
  4 electric eels
  4 howler monkeys
  3 giant frog zombies
  5 centaur zombies
  10 crimson imps
  2 lava snakes (Depths:2)
  4 quasits
  8 hounds
  28 orc priests
  7 centaur skeletons
  4 giant frog skeletons
  8 jellies
  2 iron imps (Hell)
  17 iguanas
  37 orc wizards
  6 hell rats (Lair:3)
  2 troll simulacra (Depths:2)
  33 worker ants
  22 sheep
  A killer bee zombie (D:8)
  4 ogre zombies (D:10)
  A centaur simulacrum (D:10)
  A hound zombie (D:8)
  A hound skeleton (D:10)
  3 mummies
  A howler monkey zombie (Crypt:3)
  A worker ant zombie (D:5)
  11 adders
  9 gnolls
  A howler monkey skeleton (D:11)
  75 river rats
  A hound simulacrum (D:10)
  5 white imps
  3 ufetubi (Depths:2)
  2 adder zombies (D:5)
  3 adder skeletons
  A halfling skeleton (Crypt:3)
  A sheep skeleton (Crypt:1)
  2 worms
  4 dart slugs
  9 giant geckos
  112 orcs
  3 ball pythons
  10 giant cockroaches
  9 goblins
  8 hobgoblins
  14 jackals
  6 quokkas
  A river rat zombie (Crypt:3)
  7 bats
  11 giant newts
  2 goblin skeletons
  A goblin zombie (D:10)
  2 hobgoblin skeletons (D:10)
  3 hobgoblin zombies (D:10)
  40 kobolds
  8 orc skeletons (D:10)
  10 orc zombies (D:10)
  10 rats
  A river rat skeleton (Crypt:3)
  A butterfly (Lair:7)
  2 crawling corpses (Vaults:5)
  5 fire vortices
  A fungus (Lair:7)
  A lost soul (Crypt:3)
  8 plants
  A tentacle (Hell)
2905 creatures vanquished.

Vanquished Creatures (collateral kills)
  A yaktaur (Vaults:5)
1 creature vanquished.

Vanquished Creatures (others)
  A tengu reaver (Vaults:4)
  A deep elf demonologist (Elf:3)
  A deep elf high priest (Elf:3)
  2 vault guards (Vaults:5)
  An ogre mage (Depths:2)
  A phantasmal warrior (Vaults:5)
  A deep elf mage (Vaults:5)
  An orb spider (Spider:3)
  A vault sentinel (Vaults:2)
  A molten gargoyle (Depths:3)
  A wind drake (Depths:3)
  A redback (Spider:3)
  An air elemental (Elf:3)
  An insubstantial wisp (Depths:4)
  An orc warrior (Vaults:5)
  A crimson imp (Hell)
  An iron imp (Hell)
  A sheep (Shoals:4)
  14 ball lightnings
  A kobold (D:10)
  A crawling corpse (Elf:3)
  307 eldritch tentacle segments (Depths:2)
  2 fire vortices (Hell)
  14 fungi
  3 lost souls
  19 plants
  4 tentacles (Hell)
  587 tentacle segments (Hell)
971 creatures vanquished.

Grand Total: 3877 creatures vanquished

Notes
Turn   | Place    | Note
--------------------------------------------------------------
     0 | D:1      | Ijustatesigmund the Ogre Hunter began the quest for the Orb.
     0 | D:1      | Reached XP level 1. HP: 22/22 MP: 1/1
   321 | D:1      | Reached skill level 1 in Maces & Flails
   321 | D:1      | Reached XP level 2. HP: 23/31 MP: 2/2
  1246 | D:1      | Reached skill level 2 in Maces & Flails
  1246 | D:1      | Reached XP level 3. HP: 38/39 MP: 3/3
  1981 | D:2      | Reached XP level 4. HP: 27/49 MP: 4/4
  2368 | D:2      | Reached skill level 5 in Fighting
  2381 | D:2      | Reached skill level 3 in Maces & Flails
  2961 | D:3      | Reached XP level 5. HP: 56/57 MP: 5/5
  3152 | D:3      | Noticed a phantom
  3187 | D:3      | Killed a phantom
  3187 | D:3      | Reached skill level 4 in Maces & Flails
  3532 | D:3      | Reached XP level 6. HP: 67/67 MP: 6/6
  3873 | D:4      | Noticed Edmund
  3878 | D:4      | Reached skill level 5 in Maces & Flails
  4235 | D:4      | Noticed Voda's ghost (novice OpFi)
  4250 | D:4      | Killed Voda's ghost
  4250 | D:4      | Reached skill level 6 in Maces & Flails
  4250 | D:4      | Reached XP level 7. HP: 4/79 MP: 7/7
  4574 | D:5      | Entered Level 5 of the Dungeon
  4611 | D:5      | Got a faintly glowing dagger
  4845 | D:5      | Reached skill level 7 in Maces & Flails
  4947 | D:5      | Reached XP level 8. HP: 91/91 MP: 8/8
  4990 | D:5      | Reached skill level 8 in Maces & Flails
  5428 | D:5      | Reached skill level 9 in Maces & Flails
  5489 | D:5      | Reached skill level 10 in Fighting
  5498 | D:5      | Learned a level 1 spell: Summon Butterflies
  5663 | D:4      | Noticed Eustachio
  5688 | D:4      | Killed Eustachio
  5688 | D:4      | Reached skill level 1 in Summonings
  5815 | D:4      | Reached XP level 9. HP: 96/101 MP: 9/9
  5938 | D:4      | Noticed Pikel
  5964 | D:4      | Killed Pikel
  5964 | D:4      | Reached skill level 10 in Maces & Flails
  5964 | D:4      | Reached skill level 5 in Throwing
  5988 | D:4      | Killed Edmund
  7141 | D:6      | Found a staircase to the Ecumenical Temple.
  7146 | Temple   | Entered the Ecumenical Temple
  7211 | Temple   | Became a worshipper of Warmaster Okawaru
  7260 | D:6      | Reached skill level 11 in Maces & Flails
  7574 | D:6      | Noticed Sigmund
  7578 | D:6      | Killed Sigmund
  7578 | D:6      | Reached * piety under Okawaru
  7578 | D:6      | Reached XP level 10. HP: 106/110 MP: 10/10
  7766 | D:6      | Reached skill level 1 in Invocations
  7957 | D:7      | Found an ancient bone altar of Kikubaaqudgha.
  8223 | D:7      | Noticed Duvessa
  8225 | D:7      | Noticed Dowan
  8225 | D:7      | Killed Dowan
  8233 | D:7      | Killed Duvessa
  8291 | D:7      | Found an opulent altar of Gozag.
  8346 | D:7      | Noticed Menkaure
  8353 | D:7      | Killed Menkaure
  8855 | D:8      | Reached skill level 5 in Invocations
  8948 | D:8      | Reached ** piety under Okawaru
  9546 | D:9      | Found Ighu's Armour Shop.
  9562 | D:9      | Reached skill level 12 in Maces & Flails
 10182 | D:9      | Found Ripegrao's Magic Scroll Shoppe.
 10201 | D:9      | Found a sacrificial altar of Ru.
 10220 | D:9      | Found Xompo's Gadget Shoppe.
 10330 | D:9      | Reached *** piety under Okawaru
 10372 | D:9      | Found Dukoyh's Weapon Shoppe.
 10421 | D:9      | Noticed Psyche
 10428 | D:9      | Killed Psyche
 10428 | D:9      | Reached skill level 13 in Maces & Flails
 10495 | D:9      | Reached XP level 11. HP: 77/120 MP: 15/15
 10688 | D:9      | Found Behim's Armour Shop.
 10917 | D:10     | Entered Level 10 of the Dungeon
 10933 | D:10     | Reached skill level 1 in Armour
 11218 | D:10     | Received a gift from Okawaru
 11341 | D:10     | Found Voetakk's Food Shop.
 11380 | D:10     | Found a staircase to the Orcish Mines.
 11477 | D:10     | Noticed a hill giant
 11483 | D:10     | Reached **** piety under Okawaru
 11500 | D:10     | Killed a hill giant
 11515 | D:10     | Identified a scroll of acquirement
 11518 | D:10     | Got a faintly humming shadow dragon armour
 11529 | D:10     | Identified the +1 shadow dragon armour of Ru's Brutal Revenge {rN++ Int+4 Stlth++++} (You acquired it on level 10 of the Dungeon)
 11866 | D:10     | Noticed a hill giant
 11880 | D:10     | Killed a hill giant
 11880 | D:10     | Reached skill level 5 in Dodging
 12040 | D:10     | Killed an unseen horror
 12170 | D:10     | Reached ***** piety under Okawaru
 12175 | D:10     | Reached skill level 5 in Armour
 12554 | D:11     | Noticed a cyan ugly thing
 12556 | D:11     | Noticed a hill giant
 12568 | D:11     | Noticed a tengu warrior
 12595 | D:11     | Killed a tengu warrior
 12595 | D:11     | Received a gift from Okawaru
 12610 | D:11     | Noticed a cyclops
 12669 | D:11     | Killed a cyan ugly thing
 12710 | D:11     | Reached XP level 12. HP: 92/130 MP: 16/16
 12833 | D:11     | Noticed a centaur warrior
 12836 | D:11     | Noticed a six-headed hydra
 12838 | D:11     | Killed a centaur warrior
 12838 | D:11     | Received a gift from Okawaru
 12846 | D:11     | Killed a six-headed hydra
 13302 | D:11     | Received a gift from Okawaru
 13308 | D:11     | Got a steaming hat {god gift}
 13314 | D:11     | Identified the +2 hat of the Dice {Str+4} (Okawaru gifted it to you on level 11 of the Dungeon)
 13433 | D:11     | Found a staircase to the Lair.
 13530 | D:11     | Found an opulent altar of Gozag.
 14437 | D:13     | Reached skill level 14 in Maces & Flails
 14482 | D:13     | Reached skill level 1 in Spellcasting
 14703 | D:13     | Reached XP level 13. HP: 132/141 MP: 18/18
 15259 | D:14     | Received a gift from Okawaru
 15262 | D:14     | Got a jewelled large shield {god gift}
 15268 | D:14     | Identified the +0 large shield of Inviolability {rPois rCorr Slay+3} (Okawaru gifted it to you on level 14 of the Dungeon)
 15404 | D:14     | Reached skill level 1 in Shields
 15474 | D:14     | Found a gate to the Vaults.
 15474 | D:14     | Noticed a vault guard
 15474 | D:14     | Noticed a vault guard
 15474 | D:14     | Noticed a vault guard
 15475 | D:14     | Noticed a vault guard
 15475 | D:14     | Noticed a rakshasa
 15488 | D:14     | Killed a vault guard
 15595 | D:14     | Killed a vault guard
 15630 | D:14     | Killed a vault guard
 15827 | D:14     | Reached skill level 5 in Shields
 15939 | D:14     | Noticed Rupert
 15950 | D:14     | Paralysed by Rupert for 5 turns
 15958 | D:14     | Killed Rupert
 16043 | D:14     | Noticed Snorg
 16058 | D:14     | Killed Snorg
 16235 | D:14     | Killed a vault guard
 16348 | D:14     | Killed a rakshasa
 16348 | D:14     | Received a gift from Okawaru
 16490 | Lair:1   | Entered Level 1 of the Lair of Beasts
 16537 | Lair:1   | Reached XP level 14. HP: 142/153 MP: 20/20
 16776 | Lair:1   | Received a gift from Okawaru
 16779 | Lair:1   | Got a slimy giant club {god gift}
 17475 | Lair:2   | Found a frozen archway.
 17490 | IceCv    | Entered an ice cave
 17520 | IceCv    | Got a clouded emerald amulet
 17526 | IceCv    | Identified the amulet of Qegas {Faith +Fly rC+ Int+3 SInv} (You found it in an ice cave)
 18104 | Lair:2   | Reached skill level 10 in Shields
 18646 | D:9      | Bought a scroll of identify for 22 gold pieces
 18646 | D:9      | Bought a scroll of blinking for 82 gold pieces
 18646 | D:9      | Bought a scroll of teleportation for 33 gold pieces
 18646 | D:9      | Bought a scroll of teleportation for 33 gold pieces
 18646 | D:9      | Bought a scroll of acquirement for 572 gold pieces
 18646 | D:9      | Bought a scroll of identify for 22 gold pieces
 18646 | D:9      | Bought a scroll of teleportation for 33 gold pieces
 18646 | D:9      | Bought a scroll of magic mapping for 38 gold pieces
 18652 | D:9      | Identified Xiuhah's Incunabulum of Air (You acquired it on level 9 of the Dungeon)
 18668 | D:9      | Identified the +6 giant club "Yxtof" {venom, Str+6} (Okawaru gifted it to you on level 1 of the Lair of Beasts)
 18776 | Lair:1   | Received a gift from Okawaru
 18916 | Lair:3   | Noticed Prince Ribbit
 18928 | Lair:3   | Killed Prince Ribbit
 18954 | Lair:3   | Found a hole to the Spider Nest.
 18973 | Lair:3   | Reached ****** piety under Okawaru
 19151 | Lair:3   | Noticed Fannar
 19178 | Lair:3   | Killed Fannar
 19178 | Lair:3   | Received a gift from Okawaru
 19971 | Lair:4   | Noticed Harold
 20020 | Lair:4   | Killed Harold
 20773 | Lair:5   | Found a staircase to the Shoals.
 20913 | Lair:5   | Reached XP level 15. HP: 147/159 MP: 22/22
 20977 | Lair:5   | Reached skill level 10 in Invocations
 20991 | Lair:5   | Received a gift from Okawaru
 21273 | Lair:5   | Gained mutation: Your system is resistant to poisons. [potion of beneficial mutation]
 22526 | Lair:7   | Received a gift from Okawaru
 22624 | Lair:7   | Found a viscous altar of Jiyva.
 22624 | Lair:7   | Found a staircase to the Slime Pits.
 22905 | Lair:8   | Entered Level 8 of the Lair of Beasts
 23260 | Lair:8   | Found a blossoming altar of Fedhas.
 23570 | Lair:8   | Received a gift from Okawaru
 23921 | Lair:8   | Reached XP level 16. HP: 148/172 MP: 24/24
 24077 | Lair:8   | Received a gift from Okawaru
 24077 | Lair:8   | Reached skill level 15 in Maces & Flails
 24281 | Lair:8   | Reached skill level 10 in Armour
 24295 | Lair:8   | Learned a level 1 spell: Apportation
 24827 | Lair:1   | Learned a level 2 spell: Repel Missiles
 24904 | Orc:1    | Entered Level 1 of the Orcish Mines
 24997 | Orc:2    | Entered Level 2 of the Orcish Mines
 25412 | Orc:2    | Noticed Saint Roka
 25819 | Orc:2    | Killed Saint Roka
 25819 | Orc:2    | Received a gift from Okawaru
 25892 | Orc:2    | Found a staircase to the Elven Halls.
 26065 | Orc:2    | Reached skill level 15 in Fighting
 26690 | Orc:2    | Received a gift from Okawaru
 26722 | Orc:2    | Found Orchur's Antique Armour Emporium.
 26723 | Orc:2    | Found Ijogueg's Antique Weapon Shoppe.
 26727 | Orc:2    | Found Sastrume's General Store.
 26727 | Orc:2    | Found Musuc's Book Emporium.
 27308 | D:15     | Entered Level 15 of the Dungeon
 27459 | D:15     | Found a sacrificial altar of Ru.
 27582 | D:15     | Reached skill level 16 in Maces & Flails
 27640 | D:15     | Reached skill level 10 in Throwing
 27675 | D:15     | Found a staircase to the Depths.
 28188 | D:15     | Reached skill level 1 in Charms
 28188 | D:15     | Reached skill level 1 in Air Magic
 28262 | D:15     | Reached XP level 17. HP: 148/184 MP: 25/25
 28461 | D:15     | Received a gift from Okawaru
 28705 | D:15     | Received a gift from Okawaru
 29093 | Depths:1 | Entered Level 1 of the Depths
 29143 | Depths:1 | Noticed an Ice Fiend
 29586 | D:15     | Killed an Ice Fiend
 30044 | Depths:1 | Received a gift from Okawaru
 30549 | Depths:3 | Received a gift from Okawaru
 30549 | Depths:3 | Reached skill level 1 in Translocations
 31055 | Depths:2 | Found a one-way gate leading to the halls of Pandemonium.
 31091 | Depths:2 | Reached skill level 5 in Spellcasting
 31231 | Depths:2 | Noticed an eldritch tentacle
 31295 | Depths:2 | Killed an eldritch tentacle
 31309 | Depths:2 | Identified the Handbook of the Six Beds
 31680 | Depths:2 | Found a gateway to Hell.
 32354 | Depths:2 | Identified the Catalogue of the Volcanoes
 32672 | Depths:1 | Reached XP level 18. HP: 152/193 MP: 28/28
 32702 | Depths:1 | Received a gift from Okawaru
 32720 | Depths:1 | Got a pitted quicksilver dragon armour {god gift}
 33107 | Depths:1 | Found a shattered altar of Ashenzari.
 33299 | Depths:1 | Reached skill level 1 in Stealth
 33309 | Depths:1 | Reached skill level 10 in Dodging
 33655 | Depths:1 | Identified the Tome of Evil Magic
 33659 | Depths:1 | Learned a level 2 spell: Blink
 33689 | Depths:1 | Found a one-way gate to the infinite horrors of the Abyss.
 33721 | Depths:1 | Received a gift from Okawaru
 34024 | Depths:1 | Received a gift from Okawaru
 34035 | Depths:1 | Noticed a lich
 34057 | Depths:1 | Killed a lich
 34057 | Depths:1 | Reached skill level 5 in Translocations
 34700 | Depths:1 | Identified the quicksilver dragon armour of Okawaru {rElec MR+ Dex+2} (Okawaru gifted it to you on level 1 of the Depths)
 35019 | Lair:1   | Learned a level 4 spell: Passage of Golubria
 35023 | Lair:1   | Learned a level 3 spell: Mephitic Cloud
 35114 | Spider:1 | Entered Level 1 of the Spider Nest
 35126 | Spider:1 | Received a gift from Okawaru
 36130 | Spider:2 | Got a wavering iron ring
 36132 | Spider:2 | Identified the ring of the Vendetta {rPois Dex+3} (You found it on level 2 of the Spider Nest)
 36291 | Spider:2 | Received a gift from Okawaru
 36324 | Spider:2 | Reached XP level 19. HP: 204/204 MP: 30/30
 37514 | Spider:3 | Noticed Donald
 37535 | Spider:3 | Noticed Arachne
 37540 | Spider:3 | Killed Donald
 37568 | Spider:3 | Killed Arachne
 37568 | Spider:3 | Received a gift from Okawaru
 37767 | Spider:3 | Noticed Nikola
 37811 | Spider:3 | Killed Nikola
 37811 | Spider:3 | Received a gift from Okawaru
 37815 | Spider:3 | Got a heavily runed cloak {god gift}
 37826 | Spider:3 | Identified the +2 cloak of the Arcane {rN+ MP+9} (Okawaru gifted it to you on level 3 of the Spider Nest)
 37990 | Spider:4 | Entered Level 4 of the Spider Nest
 38370 | Spider:4 | Noticed Wiglaf
 38411 | Spider:4 | Killed Wiglaf
 38463 | Spider:4 | Noticed Aizul
 38482 | Spider:4 | Killed Aizul
 38995 | Spider:4 | Received a gift from Okawaru
 39350 | Spider:4 | Got a gossamer rune of Zot
 39700 | Shoals:1 | Entered Level 1 of the Shoals
 39922 | Shoals:1 | Reached XP level 20. HP: 178/223 MP: 32/32
 41155 | Shoals:3 | Received a gift from Okawaru
 41360 | Shoals:3 | Upgraded the game from 0.18-a0-1730-g73f0523 to 0.18-a0-1745-gffa9a88
 41580 | Shoals:3 | Reached skill level 1 in Evocations
 42115 | Shoals:4 | Entered Level 4 of the Shoals
 42625 | Shoals:4 | Received a gift from Okawaru
 42894 | Shoals:4 | Noticed Ilsuiw
 42917 | Shoals:4 | Killed Ilsuiw
 43189 | Shoals:4 | Got a barnacled rune of Zot
 43483 | Shoals:4 | Got a jewelled flail
 43484 | Shoals:4 | Identified the +10 flail of Darkness {elec, Int+2} (You found it on level 4 of the Shoals)
 44131 | Vaults:1 | Entered Level 1 of the Vaults
 44131 | Vaults:1 | Found Ockir's Gadget Boutique.
 44186 | Vaults:1 | Bought a wand of hasting (2/9) for 576 gold pieces
 44351 | Vaults:1 | Reached skill level 17 in Maces & Flails
 44372 | Vaults:1 | Received a gift from Okawaru
 44975 | Vaults:1 | Reached XP level 21. HP: 206/231 MP: 34/34
 45242 | Vaults:1 | Reached skill level 18 in Maces & Flails
 46109 | Vaults:2 | Found Polo's Food Shop.
 46426 | Vaults:2 | Bought a meat ration for 65 gold pieces
 46426 | Vaults:2 | Bought a meat ration for 65 gold pieces
 46426 | Vaults:2 | Bought a meat ration for 65 gold pieces
 46515 | Vaults:2 | Noticed Margery
 46530 | Vaults:2 | Killed Margery
 46545 | Vaults:2 | Reached skill level 19 in Maces & Flails
 46572 | Vaults:2 | Received a gift from Okawaru
 47147 | Vaults:2 | Found a staircase to the Crypt.
 47357 | Vaults:2 | Noticed Frederick
 47372 | Vaults:2 | Killed Frederick
 47883 | Vaults:2 | Reached skill level 20 in Maces & Flails
 47903 | Vaults:2 | Found Niock's Book Shoppe.
 48473 | Vaults:3 | Noticed Sojobo
 48483 | Vaults:3 | Received a gift from Okawaru
 48502 | Vaults:3 | Killed Sojobo
 48514 | Vaults:3 | Received a gift from Okawaru
 48517 | Vaults:3 | Reached XP level 22. HP: 175/241 MP: 35/35
 48575 | Vaults:3 | Found a shimmering altar of Xom.
 48579 | Vaults:3 | Noticed Mara
 48582 | Vaults:3 | Noticed Ijustatesigmund's illusion
 48674 | Vaults:3 | Killed Mara
 50345 | Vaults:3 | Received a gift from Okawaru
 50391 | Vaults:3 | Noticed Norris
 50445 | Vaults:3 | Killed Norris
 50445 | Vaults:3 | Received a gift from Okawaru
 50930 | Vaults:4 | Received a gift from Okawaru
 51429 | Vaults:4 | Found a glowing golden altar of the Shining One.
 51504 | Vaults:4 | Received a gift from Okawaru
 51774 | Vaults:4 | Noticed Jorgrun
 51792 | Vaults:4 | Received a gift from Okawaru
 51805 | Vaults:4 | Killed Jorgrun
 52126 | Vaults:4 | Reached XP level 23. HP: 165/256 MP: 36/36
 52963 | Vaults:4 | Found Keudeam's Gadget Emporium.
 53420 | Crypt:1  | Entered Level 1 of the Crypt
 53621 | Crypt:1  | Received a gift from Okawaru
 53815 | Crypt:1  | Reached skill level 5 in Stealth
 54417 | Crypt:2  | Received a gift from Okawaru
 54430 | Crypt:2  | Reached skill level 15 in Dodging
 54992 | Crypt:2  | Received a gift from Okawaru
 55158 | Crypt:2  | Identified the Incunabulum of Boosting Evil Rites
 55162 | Crypt:2  | Learned a level 2 spell: Swiftness
 55261 | Crypt:2  | Received a gift from Okawaru
 55879 | Crypt:3  | Entered Level 3 of the Crypt
 56779 | Crypt:3  | Got a shimmering amber ring
 56781 | Crypt:3  | Identified the ring of the Oligarchy {SustAt +Inv rC- Str+3 Slay+3} (You took it off an ancient champion on level 3 of the Crypt)
 56792 | Crypt:3  | Noticed an ancient lich
 57285 | Crypt:3  | Got a distressingly furry cloak
 57286 | Crypt:3  | Identified the cursed +0 cloak of Makhleb's Reproof {rF+ MR+ MP+9 Dex-4} (You found it on level 3 of the Crypt)
 57321 | Crypt:3  | Killed an ancient lich
 57321 | Crypt:3  | Reached XP level 24. HP: 258/265 MP: 36/36
 57496 | Crypt:3  | Reached skill level 5 in Air Magic
 57521 | Crypt:3  | Found a staircase to the Tomb.
 57995 | Lair:1   | Gained mutation: You are agile. (Dex +2) [potion of mutation]
 57995 | Lair:1   | Gained mutation: You have a pair of small antennae on your head. [potion of mutation]
 57995 | Lair:1   | Gained mutation: You have sharp toenails. [potion of mutation]
 58169 | Elf:1    | Entered Level 1 of the Elven Halls
 58256 | Elf:1    | Received a gift from Okawaru
 58288 | Elf:1    | Identified the Compendium of Necromancy
 58343 | Elf:1    | Found Laj Weloemue's Food Boutique.
 58346 | Elf:1    | Bought a meat ration for 70 gold pieces
 58346 | Elf:1    | Bought a meat ration for 70 gold pieces
 58346 | Elf:1    | Bought a meat ration for 70 gold pieces
 58346 | Elf:1    | Bought a meat ration for 70 gold pieces
 58346 | Elf:1    | Bought a meat ration for 70 gold pieces
 58393 | Elf:1    | Found Puucef's Weapon Boutique.
 58394 | Elf:1    | Found Qulewo's Distillery.
 58498 | Elf:1    | Bought a potion of beneficial mutation for 525 gold pieces
 58499 | Elf:1    | Gained mutation: Your spells are a little harder to cast, but a little more powerful. [potion of beneficial mutation]
 58687 | Elf:1    | Reached skill level 5 in Charms
 58687 | Elf:1    | Reached skill level 5 in Summonings
 58822 | Elf:2    | Found Tocoal's General Store.
 58942 | Elf:2    | Found a runed gate.
 58942 | Elf:2    | Found a runed gate.
 58942 | Elf:2    | Found a runed gate.
 59945 | Elf:3    | Entered Level 3 of the Elven Halls
 59991 | Elf:3    | Found a portal to a secret trove of treasure.
 61580 | Elf:3    | Received a gift from Okawaru
 61936 | Elf:3    | Learned a level 3 spell: Regeneration
 62012 | Elf:3    | Got a brightly glowing tin ring
 62496 | Elf:3    | Reached skill level 1 in Necromancy
 62496 | Elf:3    | Reached XP level 25. HP: 266/274 MP: 36/36
 62620 | Elf:3    | Received a gift from Okawaru
 62630 | Elf:3    | Noticed bl4d3's ghost (adept TrMo)
 62663 | Elf:3    | Killed bl4d3's ghost
 62783 | Elf:3    | Identified the cursed ring of Jieroaw {EV-3 Str+2} (You took it off a deep elf high priest on level 3 of the Elven Halls)
 63502 | Vaults:5 | Entered Level 5 of the Vaults
 63538 | Vaults:5 | Received a gift from Okawaru
 63540 | Vaults:5 | Reached skill level 5 in Necromancy
 63598 | Vaults:4 | Received a gift from Okawaru
 63970 | Vaults:5 | Received a gift from Okawaru
 64339 | Vaults:5 | Reached skill level 15 in Throwing
 64724 | Vaults:5 | Received a gift from Okawaru
 64849 | Vaults:5 | Received a gift from Okawaru
 64946 | Vaults:5 | Received a gift from Okawaru
 65164 | Vaults:5 | Found Soninn's Antique Weapon Boutique.
 65573 | Vaults:5 | Received a gift from Okawaru
 66440 | Vaults:5 | Reached XP level 26. HP: 277/283 MP: 36/36
 66458 | Vaults:5 | Received a gift from Okawaru
 66498 | Vaults:5 | Noticed an ancient lich
 66518 | Vaults:5 | Killed an ancient lich
 66518 | Vaults:5 | Received a gift from Okawaru
 67182 | Vaults:5 | Learned a level 3 spell: Vampiric Draining
 67267 | Vaults:5 | Got a scintillating bronze ring
 67269 | Vaults:5 | Identified the ring "Naqeojyt" {rC+ MP+9} (You took it off a vault sentinel on level 5 of the Vaults)
 67357 | Vaults:5 | Got a silver rune of Zot
 67425 | Vaults:5 | Learned a level 2 spell: Passwall
 67436 | Vaults:5 | Got an iridescent mace
 67437 | Vaults:5 | Identified the +6 mace of Focus {elec, rF+++} (You found it on level 5 of the Vaults)
 67476 | Vaults:5 | Got a warped wooden ring
 67489 | Vaults:5 | Identified the ring "Teng" {rCorr +Blink rC- Str+7 SInv} (You took it off a deep elf demonologist on level 5 of the Vaults)
 67536 | Vaults:5 | Got a steaming crystal amulet
 67537 | Vaults:5 | Identified the amulet of Dinokhil {Dismiss rC++ rN+ Int-2 Stlth+} (You took it off a fire giant on level 5 of the Vaults)
 68288 | Depths:2 | Identified Xaisiod's Grimoire of Ice
 68329 | Depths:2 | Received a gift from Okawaru
 68649 | Depths:2 | Found a runed door.
 68877 | Depths:2 | Identified the Reference Book on Calling (You found it on level 2 of the Depths)
 68989 | Depths:2 | Identified Olunen's Almanac of the Birds
 69014 | Hell     | Entered the Vestibule of Hell
 69014 | Hell     | Noticed Geryon
 69414 | Hell     | Killed Geryon
 69877 | Hell     | Found a gateway to the Iron City of Dis.
 69904 | Hell     | Received a gift from Okawaru
 70247 | Hell     | Found a gateway to the freezing wastes of Cocytus.
 70372 | Hell     | Found a gateway to the decaying netherworld of Tartarus.
 70753 | Hell     | Found a gateway to the ashen valley of Gehenna.
 71218 | Depths:3 | Reached skill level 21 in Maces & Flails
 71265 | Depths:4 | Reached XP level 27. HP: 198/296 MP: 14/36
 71487 | Depths:3 | Noticed Mennas
 72086 | Depths:4 | Found a gateway to a ziggurat.
 72224 | Depths:3 | Noticed Asterion
 72234 | Depths:3 | Killed Asterion
 72452 | Depths:3 | Identified Sif Muna's Tome of the Mutagenic Compass (You found it on level 3 of the Depths)
 72464 | Depths:3 | Reached skill level 22 in Maces & Flails
 72507 | Depths:3 | Identified the Guide on Unholy Flames
 72511 | Depths:3 | Got a faintly glowing pewter amulet
 72512 | Depths:3 | Identified the amulet "Umezxyho" {+Rage MP+9 Dex+2} (You found it on level 3 of the Depths)
 72775 | Depths:3 | Upgraded the game from 0.18-a0-1745-gffa9a88 to 0.18-a0-1747-g18c4181
 73005 | Depths:4 | Killed Mennas
 73005 | Depths:4 | Received a gift from Okawaru
 73061 | Depths:4 | Noticed Louise
 73066 | Depths:4 | Killed Louise
 73112 | Depths:4 | Reached skill level 23 in Maces & Flails
 73852 | Depths:4 | Identified Jill's Catalogue of Earth (You found it on level 4 of the Depths)
 73855 | Depths:4 | Identified the Guide on Stones (You found it on level 4 of the Depths)
 74080 | Zig:1    | Entered Level 1 of a ziggurat
 74082 | Zig:1    | Noticed Loytu the pandemonium lord
 74099 | Zig:1    | Killed Loytu the pandemonium lord
 74113 | Zig:2    | Entered Level 2 of a ziggurat
 74157 | Zig:3    | Entered Level 3 of a ziggurat
 74179 | Zig:3    | Reached skill level 10 in Spellcasting
 74241 | Zig:4    | Entered Level 4 of a ziggurat
 74441 | Zig:5    | Entered Level 5 of a ziggurat
 74446 | Zig:5    | Received a gift from Okawaru
 74480 | Zig:5    | Got a vibrating lapis lazuli ring
 74482 | Zig:5    | Got a faintly glowing tin amulet
 74498 | Zig:5    | Identified the ring "Zaidiril" {Int+3 Stlth-} (You found it on level 5 of a ziggurat)
 74507 | Zig:6    | Entered Level 6 of a ziggurat
 74524 | Zig:6    | Received a gift from Okawaru
 74606 | Zig:7    | Entered Level 7 of a ziggurat
 74834 | Zig:8    | Entered Level 8 of a ziggurat
 74842 | Zig:8    | Noticed an iron giant
 74858 | Zig:9    | Entered Level 9 of a ziggurat
 75151 | Zig:9    | Noticed a greater mummy
 75168 | Zig:9    | Noticed a greater mummy
 75168 | Zig:9    | Noticed a greater mummy
 75175 | Zig:9    | Killed a greater mummy
 75175 | Zig:9    | Received a gift from Okawaru
 75177 | Zig:9    | Reached skill level 15 in Armour
 75178 | Zig:9    | Noticed a greater mummy
 75181 | Zig:9    | HP: 20/450 [mummy priest/divine providence (9)]
 75183 | Zig:9    | HP: 9/300 [??? (6)]
 75183 | Zig:9    | Killed from afar by a greater mummy

Vault maps used:
D:1:      dpeg_arrival_three_bigger_balls, minmay_surrounded
D:4:      first_bread, uniq_pikel, uniq_eustachio, uniq_edmund
D:5:      kennysheep_six_static_rooms
D:6:      minmay_temple_entry_butterflies, uniq_sigmund
D:7:      kiku_gazebo_garden_becter,
          nicolae_gozag_cash_rules_everything_around_me, uniq_menkaure,
          uniq_duvessa
D:8:      serial_curves, eino_curves_02, eino_curves_02, eino_curves_03,
          the_bakery, minmay_crystal_water
D:9:      kennysheep_mini, serial_shops, shop, shop, shop, kennysheep_mini_moat,
          nicolae_shop_behind_doors, roderic_batcave,
          hangedman_decor_clover_reticule, uniq_psyche
D:10:     zombieorc2_lemuel, serial_ice, serial_ice_k, serial_ice_d,
          serial_ice_n, serial_ice_a, serial_shops, shop
D:11:     kennysheep_windowed_halls, lab_entry_generic, lemuel_centaur_altar
D:14:     lightli_vaults_fourway_checkpoint, hangedman_glass_teeth, uniq_rupert,
          uniq_snorg
D:15:     gammafunk_depths_entry_grave, hangedman_ru_absence,
          einodemon_armed_red_devil_minivault
Temple:   dpeg_three_leaves_temple_18
Lair:1:   forest_paths
Lair:2:   portal_ice_cave_entry_pillars_01
Lair:3:   spider_nest_entry_a, uniq_fannar, uniq_prince_ribbit2
Lair:4:   eino_small_chamber_without_monster, beast_lair_carwin_2, uniq_harold
Lair:5:   shoals_dummy_entry, fungi_pond_lemuel, serial_bayou_shore_a
Lair:6:   grunt_megastairs_4, serial_bayou_shore_b
Lair:7:   dpeg_slime_entry_enclosed_altar, beast_lair_carwin_1,
          lemuel_fruit_fields
Lair:8:   due_jungle_book, tgw_fedhas, grunt_megastairs_3
Shoals:4: shoals_end_grunt_ice, shoals_ilsuiw_alternative, uniq_ilsuiw
Spider:1: spider_trap, nicolae_spider_webbed_stairs
Spider:2: spider_trap, zaba_antful_of_joy
Spider:3: uniq_donald, uniq_nikola, uniq_arachne
Spider:4: spider_rune_water, nicolae_orb_stairs, uniq_wiglaf, uniq_aizul
Orc:2:    st_orc_congregation, uniq_saint_roka
Elf:1:    serial_shops, shop, shop, shop, minmay_elf_necromancy,
          hangedman_decor_cross_pass
Elf:2:    serial_shops, shop
Elf:3:    nooodl_elf_gasket, enter_trove_6
Vaults:1: ontoclasm_vaults_pinch, v_misc_27, vaults_room_pool,
          vaults_dpeg_hooks, hangedman_vaults_stream, v_misc_26, v_pattern_2,
          nicolae_vaults_murderbox, vaults_room_pools, vaults_dpeg_ring,
          serial_shops, nicolae_shop_crystal
Vaults:2: hangedman_vaults_slice, grunt_vaults_hallway_long,
          blue_anna_dwarven_crypt, hangedman_vaults_capsules,
          nicolae_vaults_theta, nicolae_vaults_c_with_doors, v_misc_1,
          v_rooms_4, vaults_dpeg_encased_lava, v_misc_17,
          ontoclasm_vaults_twist, v_alt_pattern_1, v_pattern_5,
          nicolae_vaults_mini_display_case, vaults_room_mumra_shop_pool,
          serial_shops, shop, uniq_frederick, uniq_margery
Vaults:3: hangedman_vaults_maws, ontoclasm_vaults_claustrophobia,
          nicolae_vaults_statue_guard, vaults_mumra_lcd,
          vaults_room_ringed_pool, v_misc_9, vaults_mumra_hex,
          nicolae_vaults_theta, ontoclasm_vaults_bender, v_misc_4,
          vaults_standard_mumra_x, v_misc_22, ontoclasm_vaults_eye,
          nicolae_vaults_hallways_thing, ontoclasm_vaults_fault,
          vaults_room_door_ring, basic_altar, uniq_sojobo, uniq_mara,
          uniq_norris
Vaults:4: ontoclasm_vaults_ligature, nicolae_vaults_disjoint_gnomons, v_rooms_2,
          grunt_vaults_swirl, nicolae_vaults_gold_heap, vaults_room_door_hall,
          nicolae_vaults_shelves_hall, nicolae_vaults_little_squares_3,
          v_misc_1, st_eye, v_misc_32, vaults_room_pool,
          nicolae_vaults_little_squares_3, basic_altar, serial_shops,
          nicolae_shop_statue_plus, uniq_jorgrun
Crypt:2:  wad_floor_pattern_2, st_burial_chamber
Crypt:3:  david_glass_crypt, tomb_entry_shell_bobbens
Depths:1: rand_demon_pan_entry_5, special_room, abyss_entry, hell_entry,
          old_standard_altar, ice2_lemuel
Depths:2: minmay_expanding_circles, grunt_pan_entry_in_and_out, hell_entry,
          minmay_misc_feat_square, serial_hangedman_research,
          hangedman_research_pyrotechnics, hangedman_research_electronics,
          hangedman_research_quantum, hangedman_research_thermodynamics,
          hangedman_research_convocations, infiniplex_staircase_zigzag_3
Depths:3: radiant_caverns_b_rkd, pan_entry, hell_entry, uniq_mennas,
          uniq_asterion
Depths:4: mu_elemental_laboratory, enter_ziggurat_b,
          nicolae_abyss_entry_one_way_or_another, hell_entry,
          grunt_ministairs_1, infiniplex_staircase_trident, grunt_megastairs_5
Zig:6:    ziggurat_pillar_centre_c
Zig:7:    ziggurat_pillar_centre_dead_trees
Zig:8:    ziggurat_pillar_centre_oklobs
IceCv:    ice_cave_statue_garden_01

Skill      XL: |  1  2  3  4  5  6  7  8  9 10 11 12 13 14 15 16 17 18 19 20 21 22 23 24 25 26 27 |
---------------+----------------------------------------------------------------------------------+-----
Fighting       | 3 4 5 6 7 8 10 11 12 13 14 15 16 18 20 21 22 | 22.0
Maces & Flails | 1 2 3 4 6 7 9 11 13 14 16 17 20 21 23 | 23.7
Summonings     | 1 2 3 9 |  9.0
Throwing       | 7 8 10 12 14 16 17 | 17.6
Invocations    | 6 7 9 11 12 | 12.5
Dodging        | 5 8 10 11 15 16 | 16.0
Armour         | 6 9 10 11 12 14 15 | 15.0
Spellcasting   | 2 4 7 8 9 10 | 10.8
Shields        | 7 11 12 13 | 13.1
Charms         | 1 3 4 7 |  7.0
Air Magic      | 1 3 4 5 |  5.1
Translocations | 3 6 9 |  9.0
Stealth        | 4 7 8 |  8.0
Evocations     | 3 |  3.1
Necromancy     | 1 7 |  7.0

Action                   |  1- 3 |  4- 6 |  7- 9 | 10-12 | 13-15 | 16-18 | 19-21 | 22-24 | 25-27 || total
-------------------------+-------+-------+-------+-------+-------+-------+-------+-------+-------++-------
Melee: Short sword       |    17 |       |       |       |       |       |       |       |       ||    17
       Club              |   186 |    53 |       |       |       |       |       |       |       ||   239
       Mace              |       |   129 |       |       |       |       |       |       |       ||   129
       Flail             |       |    62 |   322 |   919 |  1787 |  2226 |  2668 |  2777 |   909 || 11670
       Eveningstar       |       |       |       |       |       |       |       |       |  1442 ||  1442
       Kick              |       |       |       |       |       |       |       |       |   188 ||   188
Throw: Large rock        |     3 |    16 |    21 |    11 |     6 |    51 |   111 |    74 |    70 ||   363
       Throwing net      |       |     1 |     2 |     1 |       |       |     1 |       |       ||     5
       Javelin           |       |       |       |     6 |       |    55 |    38 |    11 |       ||   110
 Cast: Repel Missiles    |       |       |       |       |       |     4 |    15 |     9 |     8 ||    36
       Apportation       |       |       |       |       |       |     4 |       |       |     1 ||     5
       Blink             |       |       |       |       |       |       |       |     5 |     1 ||     6
       Regeneration      |       |       |       |       |       |       |       |       |    13 ||    13
       Summon Butterflie |       |       |       |       |       |       |       |       |     1 ||     1
       Passwall          |       |       |       |       |       |       |       |       |     1 ||     1
Invok: Heroism           |       |       |       |       |     5 |    10 |    11 |    13 |    17 ||    56
       Finesse           |       |       |       |       |     1 |     6 |     6 |     7 |     6 ||    26
 Abil: Evoke Flight      |       |       |       |       |       |       |       |       |     4 ||     4
       Stop Flying       |       |       |       |       |       |       |       |       |     2 ||     2
Evoke: Club              |       |       |       |       |       |     6 |     2 |     5 |     5 ||    18
  Use: Scroll            |     2 |     5 |     4 |    19 |    15 |    15 |    12 |    17 |    20 ||   109
       Potion            |       |     5 |       |     2 |     2 |     4 |       |    11 |    13 ||    37
 Stab: Sleeping          |     1 |     4 |     3 |     7 |    15 |     1 |     3 |    12 |     5 ||    51
       Held in net/web   |       |       |     1 |       |       |       |       |       |       ||     1
       Distracted        |       |       |       |     2 |     4 |     5 |     2 |     4 |     5 ||    22
       Invisible         |       |       |       |       |       |       |       |       |     1 ||     1
  Eat: Chunk             |     3 |     8 |    11 |    25 |     7 |    24 |    23 |    13 |     9 ||   123
       Fruit             |       |       |       |     4 |    13 |     7 |     4 |       |       ||    28
       Meat ration       |       |       |       |     1 |       |     1 |     1 |     6 |     6 ||    15
       Pizza             |       |       |       |       |     2 |       |     2 |       |       ||     4
       Beef jerky        |       |       |       |       |     3 |     2 |     2 |     2 |     1 ||    10
       Bread ration      |       |       |       |       |     1 |     1 |       |     2 |     1 ||     5
       Royal jelly       |       |       |       |       |     1 |     1 |     4 |       |       ||     6
Armor: Quicksilver drago |       |       |       |       |       |       |       |       |    60 ||    60
Dodge: Dodged            |       |       |       |       |       |       |       |       |   272 ||   272
       Deflected         |       |       |       |       |       |       |       |       |     9 ||     9
Block: Large shield      |       |       |       |       |       |       |       |       |   334 ||   334
